 Dungeon Crawl Stone Soup version 0.30-a0-702-gdf48620a09 (webtiles) character file.

Game seed: 6378312802505122302

5681 holysushi the Fighter (level 10, -7/115 HPs)
             Began as an Ogre Berserker on Jan 21, 2023.
             Was an Elder of Trog.
             Mangled by a yak (10 damage)
             ... on level 9 of the Dungeon.
             The game lasted 00:13:18 (9712 turns).

holysushi the Fighter (Ogre Berserker)              Turns: 9712, Time: 00:13:19

Health: -7/115     AC:  7    Str: 30    XL:     10   Next: 75%
Magic:  10/10      EV: 14    Int: 14    God:    Trog [****..]
Gold:   380        SH:  7    Dex: 11    Spells: 9/9 levels left

rFire   . . .      SeeInvis .    a - +0 morningstar
rCold   . . .      Faith    +    l - +0 kite shield
rNeg    . . .      Spirit   .    I - +0 steam dragon scales
rPois   .          Reflect  .    (helmet restricted)
rElec   .          Harm     .    F - +0 cloak of Ubiquitous Joy {Str+3 Dex+3 Stlth-}
rCorr   .          Rampage  .    (gloves unavailable)
Will    +....                    (boots unavailable) Stlth
                                 n - amulet of faith
HPRegen 0.39/turn                c - +5 ring of evasion
MPRegen 0.12/turn                k - +6 ring of intelligence

@: marked, on berserk cooldown, slowed, studying 2 skills, very slow
A: large, unfitting armour, tough skin 1
a: Renounce Religion, Berserk, Trog's Hand, Brothers in Arms


You were on level 9 of the Dungeon.
You worshipped Trog.
Trog was greatly pleased with you.
You visited 1 branch of the dungeon, and saw 10 of its levels.
You also visited: Sewer.

You collected 380 gold pieces.

Inventory:

Hand Weapons
 a - a +0 morningstar (weapon)
Missiles
 A - 2 throwing nets (quivered)
Armour
 b - a +1 animal skin
 l - a +0 kite shield (worn)
 x - a +2 cloak
 F - the +0 cloak of Ubiquitous Joy (worn) {Str+3 Dex+3 Stlth-}
   (You found it on level 8 of the Dungeon)

   Str:       It affects your strength (+3).
   Dex:       It affects your dexterity (+3).
   Stlth:     It makes you less stealthy.
 I - +0 steam dragon scales (worn)
Jewellery
 c - a +5 ring of evasion (left hand)
 f - a ring of protection from cold
 k - a +6 ring of intelligence (right hand)
 n - an amulet of faith (around neck)
 o - a +6 ring of dexterity
 E - a +4 ring of protection
 H - a ring of magical power
Wands
 q - a wand of acid (16)
 C - a wand of flame (11)
Scrolls
 d - a scroll of enchant armour
 e - a scroll of vulnerability
 g - 3 scrolls of teleportation
 h - 3 scrolls of fog
 i - a scroll of magic mapping
 m - 4 scrolls of blinking
 p - 7 scrolls of identify
 y - 2 scrolls of butterflies
 D - a scroll of enchant weapon {unknown}
 G - 2 scrolls of immolation {unknown}
 J - 2 scrolls of noise {unknown}
Potions
 j - 3 potions of haste
 r - a potion of resistance
 s - a potion of lignification
 t - a potion of berserk rage
 u - a potion of flight {unknown}
 v - a potion of cancellation {unknown}
 w - 9 potions of curing
 z - 3 potions of mutation {unknown}
 B - a potion of heal wounds
 K - a potion of might {unknown}


   Skills:
 + Level 12.0 Fighting
 - Level 7.0 Maces & Flails
 * Level 10.1 Throwing
 + Level 4.9 Dodging
 - Level 1.0 Shields


You had 9 spell levels left.
You didn't know any spells.
Your spell library was empty.

Dungeon Overview and Level Annotations

Branches:
Dungeon (10/15) Zot: 26955  Temple (0/1) D:7            Lair (0/5) D:8
  Sewer (visited)
    Orc: D:9-12

Altars:
Cheibriados
Gozag
Kikubaaqudgha
Trog

Shops:
D:9 [

Annotations:
D:9 2 runed translucent doors
D:10 Harold


Innate Abilities, Weirdness & Mutations

You are too large for most types of armour.
You have tough skin. (AC +1)


Message History

The yak is almost dead.
The yak misses you.
You puncture the yak!
You kill the yak!
Trog accepts your kill.
Your Throwing skill increases to level 10!
You thump the yak!
The yak is moderately wounded.
The yak barely misses you.
You sock the yak!
The yak is heavily wounded.
You puncture the yak!
The yak is almost dead.
You block the yak's attack.
You hit the yak.
You kill the yak!
Trog accepts your kill.
Your Fighting skill increases to level 12!
You closely miss the yak.
You are no longer berserk.
You are exhausted.
You feel yourself slow down. You block the yak's attack.
You barely miss the yak. The yak gores you!
* * * LOW HITPOINT WARNING * * *
The yak gores you!
* * * LOW HITPOINT WARNING * * *
You bludgeon the yak!!
The yak is heavily wounded.
The yak misses you. The yak barely misses you.
You barely miss the yak.
The yak is heavily wounded.
The yak gores you but does no damage. The yak gores you!
* * * LOW HITPOINT WARNING * * *
You barely miss the yak.
The yak is heavily wounded.
You block the yak's attack. The yak completely misses you.
You barely miss the yak.
The yak is heavily wounded.
The yak gores you!
You die...

..........#
#..#.#####.#.#
######....#
#..#.......#.# # #....#
#............# #8'8.#
####.####..###
.######.#.# #.# #..#
....h+..#.# #.# #..#
..(.Y+..#.# #.# #..#
.######.#.# ###########.#
#..# #8'8.###..Y@.......#
#..# #
#....##...########## #..#
######....#.....######
#..#
.....................#
#..#
...#.###.#......####.#
###..# ........>........#
#.# #....#
.#####...........# #.#
#.#.## .#
#.#.........###.## #.#.#
.#
#......####.##...####.#.#


You could see a yak.

Vanquished Creatures
  Erica (D:9)
  Pikel (D:7)
  A rime drake (D:8)
  Grinder (D:4)
  2 polar bears (D:7)
  Eustachio (D:4)
  3 yaks (D:9)
  A wyvern (D:7)
  2 steam dragons (D:9)
  A water moccasin (D:5)
  Pargi (Sewer)
  3 orc warriors
  2 sky beasts (D:7)
  4 ice beasts
  2 wolves
  A black bear (D:6)
  A lemure (D:7)
  A centaur (D:8)
  A phantom (D:6)
  Blork the orc (D:4)
  2 bullfrogs (D:8)
  A scorpion (D:4)
  2 orc priests
  3 hounds
  5 jellies
  Natasha (thrice) (D:2)
  3 iguanas
  10 orc wizards
  13 gnolls
  8 adders
  3 white imps
  2 worms
  3 dart slugs
  26 orcs
  5 ball pythons
  4 bats
  8 endoplasms
  4 giant cockroaches
  4 goblins
  3 hobgoblins
  5 quokkas
  8 frilled lizards
  5 kobolds
  8 rats
169 creatures vanquished.

Notes
Turn   | Place    | Note
-------+----------+-------------------------------------------
     0 | D:1      | holysushi the Ogre Berserker began the quest for the Orb.
     0 | D:1      | Reached XP level 1. HP: 24/24 MP: 1/1
   218 | D:1      | Reached XP level 2. HP: 32/32 MP: 2/2
   832 | D:2      | Reached XP level 3. HP: 32/40 MP: 3/3
  1019 | D:2      | Reached ** piety under Trog
  1262 | D:2      | Noticed Natasha
  1270 | D:2      | Killed Natasha
  1271 | D:2      | Reached XP level 4. HP: 49/49 MP: 4/4
  1450 | D:2      | Noticed Natasha
  1452 | D:2      | Killed Natasha
  1453 | D:2      | Reached skill level 5 in Fighting
  1796 | D:2      | Noticed Natasha
  1802 | D:2      | Killed Natasha
  1803 | D:2      | Reached XP level 5. HP: 51/57 MP: 5/5
  1972 | D:3      | Found a snail-covered altar of Cheibriados.
  1999 | D:3      | Found a glowing drain.
  2082 | Sewer    | Entered a sewer
  2231 | Sewer    | Noticed Pargi
  2251 | Sewer    | Killed Pargi
  2252 | Sewer    | Reached skill level 6 in Fighting
  2252 | Sewer    | Reached skill level 5 in Maces & Flails
  2252 | Sewer    | Reached XP level 6. HP: 29/67 MP: 6/6
  2764 | D:3      | Found a faded altar of an unknown god.
  3055 | D:4      | Noticed Blork the orc
  3070 | D:4      | Killed Blork the orc
  3391 | D:4      | Noticed Eustachio
  3453 | D:4      | Killed Eustachio
  3454 | D:4      | Reached XP level 7. HP: 76/76 MP: 7/7
  3622 | D:4      | Reached skill level 7 in Fighting
  3640 | D:4      | Noticed Grinder
  3643 | D:4      | Paralysed by Grinder for 2 turns
  3650 | D:4      | Paralysed by Grinder for 5 turns
  3660 | D:4      | Paralysed by Grinder for 5 turns
  3677 | D:4      | Killed Grinder
  4109 | D:5      | Entered Level 5 of the Dungeon
  4630 | D:5      | Reached XP level 8. HP: 83/88 MP: 8/8
  4633 | D:5      | Reached *** piety under Trog
  4634 | D:5      | Reached skill level 1 in Throwing
  4738 | D:5      | Reached skill level 8 in Fighting
  5013 | D:5      | You fall into a shaft and drop 1 floor!
  5747 | D:6      | Noticed a moth of wrath
  5750 | D:6      | Found a bloodstained altar of Trog.
  5850 | D:7      | Reached skill level 9 in Fighting
  5961 | D:7      | Reached skill level 5 in Throwing
  6025 | D:7      | Noticed Pikel
  6123 | D:6      | Reached XP level 9. HP: 84/91 MP: 9/9
  6288 | D:7      | Reached **** piety under Trog
  6753 | D:7      | Found a staircase to the Ecumenical Temple.
  6785 | D:7      | Killed Pikel
  6786 | D:7      | Reached skill level 10 in Fighting
  6892 | D:7      | Found an opulent altar of Gozag.
  7355 | D:8      | Noticed a polar bear
  7357 | D:8      | Noticed a polar bear
  7358 | D:8      | Noticed a rime drake
  7392 | D:7      | Killed a polar bear
  7402 | D:7      | Killed a polar bear
  7403 | D:7      | Reached XP level 10. HP: 81/111 MP: 10/10
  7567 | D:8      | Reached skill level 11 in Fighting
  8119 | D:8      | Identified the +0 cloak of Ubiquitous Joy {Str+3 Dex+3
                  | Stlth-}
  8225 | D:8      | Found a staircase to the Lair.
  8458 | D:9      | Found Lapn's Armour Boutique.
  8747 | D:9      | Reached skill level 1 in Shields
  8899 | D:9      | Found an ancient bone altar of Kikubaaqudgha.
  8956 | D:9      | Noticed Erica
  8976 | D:9      | Killed Erica
  9358 | D:9      | Found a large runed translucent door.
  9363 | D:9      | Found a large runed translucent door.
  9672 | D:10     | Entered Level 10 of the Dungeon
  9675 | D:10     | Noticed Harold
  9703 | D:9      | Reached skill level 10 in Throwing
  9707 | D:9      | Reached skill level 12 in Fighting
  9710 | D:9      | HP: 1/115 [yak (15)]
  9712 | D:9      | Mangled by a yak

Illustrated notes

Levels and vault maps discovered:
D:1:      saegor_arrival_fortress, layout_basic, serial_forest,
          infiniplex_forest_end_2, infiniplex_forest_zigzag_1,
          infiniplex_forest_lined_3_way, infiniplex_forest_lined_4_way,
          infiniplex_forest_clump_long, infiniplex_forest_clump_long,
          infiniplex_forest_lined_room_2, infiniplex_forest_lined_1
D:2:      layout_basic, uniq_natasha
D:3:      layout_loops_ring, kennysheep_slug_shrine,
          shapermc_ecumenical_altar_venn, portal_sewer_entry_f
D:4:      layout_gridville, uniq_grinder, uniq_blork_the_orc, uniq_eustachio
D:5:      layout_basic, mainiacjoe_overflow_chevrons
D:6:      layout_loops_cross, tgw_trog, st_stairs_5,
          chequers_serial_rivers_marsh, minmay_three_doors
D:7:      nicolae_cairo_tiling_very_big, layout_basic, grunt_gozag_breadcrumbs,
          uniq_pikel
D:8:      layout_gridville, hellmonk_lair_entry_icy
D:9:      layout_loops_ring, kiku_gazebo_pond_becter, jmf_multi_god_temple2,
          serial_shops, nicolae_diamond_shop, uniq_erica
D:10:     layout_big_octagon, marbit_many_paths, serial_shops,
          kennysheep_mini_moat, enter_bailey_6, uniq_harold

Skill      XL: |  1  2  3  4  5  6  7  8  9 10 |
---------------+-------------------------------+-----
Maces & Flails | 3 4 5 6 7 |  7.0
Fighting       | 5 6 7 9 10 12 | 12.0
Throwing       | 5 8 10 | 10.1
Dodging        | 3 4 |  4.9
Shields        | 1 |  1.0

Action                   |  1- 3 |  4- 6 |  7- 9 | 10-12 || total
-------------------------+-------+-------+-------+-------++-------
Melee: Mace              |    78 |    38 |       |       ||   116
       Morningstar       |       |    92 |   292 |   122 ||   506
       Punch             |       |     1 |       |       ||     1
Throw: Stone             |       |       |    50 |    10 ||    60
       Throwing net      |       |       |       |     1 ||     1
Invok: Berserk           |     2 |     5 |     6 |     3 ||    16
       Trog's Hand       |       |       |     1 |       ||     1
  Use: Scroll            |       |    11 |     1 |     1 ||    13
       Potion            |       |       |     1 |       ||     1
Armor: Animal skin       |    22 |    54 |    76 |    30 ||   182
       Steam dragon scal |       |       |       |     9 ||     9
Dodge: Dodged            |    46 |    78 |   214 |    98 ||   436
Block: Kite shield       |       |       |    68 |    51 ||   119

Table legend: (Time is in decaauts)
 A = Elapsed time spent in this place.
 B = Non-inter-level travel time spent in this place.
 C = Inter-level travel time spent in this place.
 D = Time resting spent in this place.
 E = Time spent auto-exploring this place.
 F = Levels seen in this place.
 G = Mean time per level.
                   A        B        C        D        E       F      G
               +--------+--------+--------+--------+--------+-----+--------+
         Total |  10023 |   9243 |    780 |   1547 |   5621 |  11 |  911.2 |
       Dungeon |   9690 |   8910 |    780 |   1408 |   5544 |  10 |  969.0 |
         Sewer |    332 |    332 |      0 |    139 |     77 |   1 |  332.0 |
               +--------+--------+--------+--------+--------+-----+--------+

Top non-repeatable levels by time:
     D:7: 1618 daAuts
     D:2: 1501 daAuts
     D:4: 1274 daAuts
     D:9: 1266 daAuts
     D:8: 993 daAuts
     D:6: 965 daAuts
     D:3: 859 daAuts
     D:1: 791 daAuts
     D:5: 407 daAuts
   Sewer: 332 daAuts
    D:10: 12 daAuts
